 Dungeon Crawl Stone Soup version 0.30-a0-782-ge64f9170bb (webtiles) character file.

Game seed: 12949256142560036950

0 Luminarc the Magician (level 1, -1/15 HPs)
             Began as a Djinni Air Elementalist on Feb 18, 2023.
             Slain by a rat (3 damage)
             ... on level 1 of the Dungeon.
             The game lasted 00:00:16 (23 turns).

Luminarc the Magician (Djinni Air Elementalist)       Turns: 23, Time: 00:00:16

Health: -1/15      AC:  2    Str:  7    XL:     1   Next: 0%
Gold:   0          EV: 12    Int: 16    God:
                   SH:  0    Dex: 13

rFire   + + .      SeeInvis .    (no weapon)
rCold   x . .      Faith    .    (no shield)
rNeg    . . .      Spirit   .    a - +0 robe
rPois   ∞          Reflect  .    (no helmet)
rElec   .          Harm     .    (no cloak)
rCorr   .          Rampage  .    (no gloves)
Will    .....                    (boots unavailable)
Stlth   ++                       (no amulet)
HPRegen 0.22/turn                (no ring)
MPRegen 0.00/turn                (no ring)

@: flying
A: sickness immunity, fire resistance 2, cold vulnerability 1, float, innate
caster, HP casting, extra vitality 1
a: no special abilities


You were on level 1 of the Dungeon.
You visited 1 branch of the dungeon, and saw 1 of its levels.

Inventory:

Armour
 a - a +0 robe (worn)


   Skills:
 + Level 2.1 Dodging
 + Level 1.5 Stealth
 + Level 2.4 Spellcasting


You couldn't memorise any spells.
You knew the following spells:

 Your Spells              Type           Power      Damage    Failure   Level
a - Shock                 Conj/Air       36%        1d5       8%          1
b - Static Discharge      Conj/Air       18%        2-3/arc   11%         2
c - Swiftness             Air            9%         N/A       22%         3
d - Airstrike             Air            4%         2d(1-17)  58%         4
Your spell library was empty.

Dungeon Overview and Level Annotations

Branches:
Dungeon (1/15)

Altars:


Innate Abilities, Weirdness & Mutations

You are immune to sickness and miasma.
You are immune to poison.
Your flesh is very heat resistant. (rF++)
You are vulnerable to cold. (rC-)
You float through the air rather than walking.
You learn spells naturally, not from books.
Your magical power is your life essence.
You have superior vitality. (+4 MHP)


Message History

The rat closely misses you. The bat barely misses you.
You closely miss the rat. The bat closely misses you. The rat bites you.
You hit the rat.
The rat is severely wounded.
The rat bites you. The bat misses you.
You hit the rat but do no damage.
The rat is severely wounded.
The bat hits you but does no damage. The rat bites you but does no damage.
You closely miss the ball python. The bat hits you. The ball python bites you.
The ball python barely misses you. The rat bites you.
* * * LOW HITPOINT WARNING * * *
You completely miss the ball python. The bat barely misses you.
The ball python misses you. The ball python barely misses you.
The bat hits you.
* * * LOW HITPOINT WARNING * * *
The rat completely misses you.
The ball python bites you but does no damage.
The ball python misses you.
You hit the ball python.
The ball python is moderately wounded.
The bat misses you. The ball python closely misses you. x2
The rat bites you but does no damage.
You barely miss the ball python.
The ball python is moderately wounded.
The bat closely misses you. The ball python closely misses you.
The ball python barely misses you. The rat bites you but does no damage.
You closely miss the ball python.
The ball python is moderately wounded.
The ball python closely misses you. x2; The hobgoblin barely misses you.
The rat bites you.
* * * LOW HITPOINT WARNING * * *
You hit the ball python.
The ball python is severely wounded.
The ball python completely misses you. The ball python grabs you.
The ball python constricts you. The rat barely misses you.
The hobgoblin barely misses you.
You hit the ball python.
You kill the ball python!
The bat barely misses you. The rat bites you.
You die...

. .. ...#### .......
##### .......
####..<#
......g##P♣##.## .#
...).b†@.~~♣#'#♣~~##
#.....r#.~~~~~~~~~P#
##.?...##~~~#.#♣~~.#
#..... #♣♣##.# P...
##.... ... ### #....
#### #.... .....


You could see a hobgoblin, a bat and a rat.

Vanquished Creatures
  A ball python (D:1)
1 creature vanquished.

Notes
Turn   | Place    | Note
-------+----------+-------------------------------------------
     0 | D:1      | Luminarc the Djinni Air Elementalist began the quest for
                  | the Orb.
     0 | D:1      | Luminarc set off with the following spells memorised:
                  | Shock, Static Discharge, Swiftness, Airstrike.
     0 | D:1      | Reached XP level 1. HP: 15/15 MP: 0/0
    23 | D:1      | Slain by a rat

Illustrated notes

Levels and vault maps discovered:
D:1:      sevenhm_arrival_forest_fort_small_4, layout_rooms

Action                     || total
---------------------------++-------
  Melee: Unarmed           ||    12
 Armour: Robe              ||     5
  Dodge: Dodged            ||    27

Table legend: (Time is in decaauts)
 A = Elapsed time spent in this place.
 B = Non-inter-level travel time spent in this place.
 C = Inter-level travel time spent in this place.
 D = Time resting spent in this place.
 E = Time spent auto-exploring this place.
 F = Levels seen in this place.
 G = Mean time per level.
                   A        B        C        D        E       F      G
               +--------+--------+--------+--------+--------+-----+--------+
         Total |     23 |     23 |      0 |      0 |      0 |   1 |   23.0 |
       Dungeon |     23 |     23 |      0 |      0 |      0 |   1 |   23.0 |
               +--------+--------+--------+--------+--------+-----+--------+

Top non-repeatable levels by time:
     D:1: 23 daAuts
